 Dungeon Crawl Stone Soup version 0.30.0-19-g36f170ea60 (webtiles) character file.

Game seed: 9620183303798419090

238 Yordlord the Magician (level 6, 0/44 HPs)
             Began as a Gnoll Hedge Wizard on May 30, 2023.
             Slain by a hound (4 damage)
             ... on level 4 of the Dungeon.
             The game lasted 00:09:09 (3167 turns).

Yordlord the Magician (Gnoll Hedge Wizard)          Turns: 3167, Time: 00:09:10

Health: 0/44       AC:  5    Str: 10    XL:     6   Next: 7%
Magic:  2/16       EV: 13    Int: 15    God:
Gold:   154        SH:  0    Dex: 11    Spells: 8/19 levels left

rFire   . . .        z - +0 short sword
rCold   . . .        (no shield)
rNeg    + . .        b - +0 robe
rPois   .            c - +0 hat
rElec   .            (no cloak)
rCorr   +            f - +2 pair of gloves
SInv    .            (no boots)
Will    .....        (no amulet)
Stlth   +++          q - ring of resist corrosion
HPRegen 0.27/turn    r - ring of positive energy
MPRegen 0.15/turn

%: no passive effects
@: no status effects
A: fangs 1, strong nose, distributed training
a: no special abilities


You were on level 4 of the Dungeon.
You visited 1 branch of the dungeon, and saw 4 of its levels.

You collected 182 gold pieces.
You spent 28 gold pieces at shops.

Inventory:

Hand Weapons
 z - a +0 short sword (weapon)
Missiles
 x - 3 boomerangs of dispersal
Armour
 b - a +0 robe (worn)
 c - a +0 hat (worn)
 f - a +2 pair of gloves (worn)
 o - a +0 leather armour
Jewellery
 h - an amulet of guardian spirit
 q - a ring of resist corrosion (left hand)
 r - a ring of positive energy (right hand)
Scrolls
 e - 3 scrolls of immolation {unknown}
 j - 3 scrolls of vulnerability {unknown}
 l - 2 scrolls of identify
 m - 2 scrolls of noise {unknown}
 n - 4 scrolls of fog {unknown}
 y - a scroll of acquirement {unknown}
Potions
 d - a potion of magic
 g - 2 potions of flight {unknown}
 i - a potion of might {unknown}
 k - a potion of resistance {unknown}
 p - 2 potions of curing {unknown}
 s - a potion of berserk rage {unknown}
 t - a potion of lignification {unknown}
 u - a potion of heal wounds {unknown}
 v - a potion of invisibility {unknown}
 w - a potion of degeneration {unknown}


   Skills:
 + Level 1.8 Fighting
 + Level 1.8 Short Blades
 + Level 1.8 Long Blades
 + Level 1.8 Axes
 + Level 1.8 Maces & Flails
 + Level 1.8 Polearms
 + Level 1.8 Staves
 + Level 1.8 Ranged Weapons
 + Level 1.8 Throwing
 + Level 1.8 Armour
 + Level 4.9 Dodging
 + Level 4.5 Stealth
 + Level 1.8 Shields
 + Level 1.8 Unarmed Combat
 + Level 7.4 Spellcasting
 + Level 2.6 Conjurations
 + Level 1.4 Hexes
 + Level 2.6 Summonings
 + Level 1.4 Necromancy
 + Level 2.6 Translocations
 + Level 1.4 Transmutations
 + Level 1.4 Fire Magic
 + Level 1.4 Ice Magic
 + Level 1.4 Air Magic
 + Level 1.4 Earth Magic
 + Level 1.4 Poison Magic
 + Level 2.0 Invocations
 + Level 1.8 Evocations


You had 8 spell levels left.
You knew the following spells:

 Your Spells              Type           Power      Damage    Failure   Level
a - Magic Dart            Conj           52%        1d5       4%          1
b - Slow                  Hex            36%        N/A       7%          1
c - Blink                 Tloc           26%        N/A       7%          2
d - Call Imp              Summ           26%        N/A       7%          2
e - Cigotuvi's Dreadful   Necr/Pois/Air  18%        N/A       11%         2
f - Mephitic Cloud        Conj/Pois/Air  11%        N/A       19%         3

Your spell library contained the following spells:

 Spells                   Type           Power      Damage    Failure   Level
 Lesser Beckoning         Tloc           26%        N/A       7%          2
 Gell's Gravitas          Tloc           13%        N/A       13%         3
 Teleport Other           Tloc           13%        N/A       13%         3
 Ozocubu's Armour         Ice            9%         N/A       22%         3
 Ozocubu's Refrigeration  Ice            4%         4d8       100%        7


Dungeon Overview and Level Annotations

Branches:
Dungeon (4/15)
 Temple: D:4-7

Altars:
Qazlal

Shops:
D:1 (*[?(


Innate Abilities, Weirdness & Mutations

You have very sharp teeth.
Your uncanny sense of smell can sniff out nearby items.
Your experience applies equally to all skills.


Message History

You feel stable enough to blink again. The hound attacks as you move away!
The hound bites you.
* * * LOW HITPOINT WARNING * * *
The hound attacks as you move away! The hound bites you but does no damage.
Your magical contamination has completely faded away.
You hit the hound but do no damage. The hound barely misses you.
You closely miss the hound. The hound completely misses you.
The hound attacks as you move away! The hound bites you.
* * * LOW HITPOINT WARNING * * *
The hound attacks as you move away! The hound barely misses you.
The hound attacks as you move away! The hound closely misses you.
Found a +0 hand axe.
The hound is no longer moving slowly.
Casting: Slow (safe; 7% risk of failure)
Confirm with . or Enter, or press ? or * to list all spells.
You blink.
Found 2 stones.
Casting: Blink (safe; 7% risk of failure)
Confirm with . or Enter, or press ? or * to list all spells.
Okay, then.
Found a sling.
You feel stable enough to blink again.
You hit the hound. Your bite misses the hound.
The hound is moderately wounded.
The hound stops to sniff the ground.
The hound bites you.
* * * LOW HITPOINT WARNING * * *
You hit the hound. Your bite misses the hound.
The hound is moderately wounded.
The hound bites you but does no damage. The hound barely misses you.
You closely miss the hound.
The hound is moderately wounded.
The hound bites you.
* * * LOW HITPOINT WARNING * * *
You completely miss the hound.
The hound is moderately wounded.
The hound bites you but does no damage.
You closely miss the hound.
The hound is moderately wounded.
The hound closely misses you. The hound bites you.
You die...

##). #...#.# ....
#.###.## ....... ....o.
##.#.... .......
......##..#.#.. .......
............#.##
.......
....)...........
....... .............##
...(...
.........##...##.......
....#..#......h@.#
##.##...########.# ..
#.# .# .) ... ....
..... .....#


You could see a hound.

Vanquished Creatures
  An orc priest (D:4)
  3 gnolls
  6 adders
  A worm (D:3)
  6 dart slugs
  4 orcs
  6 ball pythons
  4 bats (D:3)
  2 endoplasms (D:3)
  A giant cockroach (D:2)
  12 goblins
  6 hobgoblins
  3 kobolds
  3 quokkas
  A frilled lizard (D:2)
  3 rats
62 creatures vanquished.

Vanquished Creatures (collateral kills)
  An orc priest (D:3)
  A gnoll (D:3)
  An orc (D:3)
  5 ball pythons (D:2)
8 creatures vanquished.

Grand Total: 70 creatures vanquished

Notes
Turn   | Place    | Note
-------+----------+-------------------------------------------
     0 | D:1      | Yordlord the Gnoll Hedge Wizard began the quest for the
                  | Orb.
     0 | D:1      | Reached XP level 1. HP: 13/13 MP: 8/8
    28 | D:1      | Learned a level 1 spell: Slow
    56 | D:1      | Found Mehiunwo's General Store.
    83 | D:1      | Found Tuyn's Antique Weapon Emporium.
   196 | D:1      | Reached XP level 2. HP: 13/19 MP: 5/10
   261 | D:1      | Found Piwku's Antique Armour Shop.
   270 | D:1      | Found Joux's Magic Scroll Boutique.
   281 | D:1      | Found Useanuuv's Weapon Boutique.
   358 | D:1      | Learned a level 2 spell: Blink
   361 | D:1      | Learned a level 2 spell: Call Imp
   364 | D:1      | Learned a level 2 spell: Cigotuvi's Dreadful Rot
   367 | D:1      | Bought a scroll of identify for 28 gold pieces
   492 | D:1      | Reached XP level 3. HP: 25/25 MP: 7/11
   841 | D:2      | Reached skill level 1 in Invocations
   981 | D:2      | Reached skill level 1 in Fighting
   981 | D:2      | Reached skill level 1 in Short Blades
   981 | D:2      | Reached skill level 1 in Long Blades
   981 | D:2      | Reached skill level 1 in Axes
   981 | D:2      | Reached skill level 1 in Maces & Flails
   981 | D:2      | Reached skill level 1 in Polearms
   981 | D:2      | Reached skill level 1 in Staves
   981 | D:2      | Reached skill level 1 in Ranged Weapons
   981 | D:2      | Reached skill level 1 in Throwing
   981 | D:2      | Reached skill level 1 in Armour
   981 | D:2      | Reached skill level 1 in Shields
   981 | D:2      | Reached skill level 1 in Unarmed Combat
   981 | D:2      | Reached skill level 1 in Evocations
   985 | D:2      | Learned a level 3 spell: Mephitic Cloud
  1003 | D:2      | Reached XP level 4. HP: 32/32 MP: 8/13
  1327 | D:2      | Reached skill level 1 in Hexes
  1327 | D:2      | Reached skill level 1 in Necromancy
  1327 | D:2      | Reached skill level 1 in Transmutations
  1327 | D:2      | Reached skill level 1 in Fire Magic
  1327 | D:2      | Reached skill level 1 in Ice Magic
  1327 | D:2      | Reached skill level 1 in Air Magic
  1327 | D:2      | Reached skill level 1 in Earth Magic
  1327 | D:2      | Reached skill level 1 in Poison Magic
  1862 | D:3      | Reached XP level 5. HP: 22/37 MP: 9/14
  2521 | D:3      | Found a stormy altar of Qazlal.
  3122 | D:4      | Reached XP level 6. HP: 34/44 MP: 10/16
  3167 | D:4      | Slain by a hound

Illustrated notes

Levels and vault maps discovered:
D:1:      dpeg_arrival_tiny_a, layout_rooms, serial_shops, shop_scrolls, shop,
          shop, nicolae_shop_behind_doors, nicolae_shop_pleasant_corner_grove
D:2:      layout_loops_ring, minmay_shallow_snake_nest
D:3:      layout_basic, nicolae_qazlal_general_emergency, grunt_decor_fettered,
          st_stairs_10
D:4:      layout_rooms, serial_park_tiny_pond, minmay_shop_enchanted_jewellery

Skill      XL: |  1  2  3  4  5 |
---------------+----------------+-----
Conjurations   | 2 |  2.6
Summonings     | 2 |  2.6
Translocations | 2 |  2.6
Invocations    | 1 2 |  2.0
Fighting       | 1 |  1.8
Short Blades   | 1 |  1.8
Long Blades    | 1 |  1.8
Axes           | 1 |  1.8
Maces & Flails | 1 |  1.8
Polearms       | 1 |  1.8
Staves         | 1 |  1.8
Ranged Weapons | 1 |  1.8
Throwing       | 1 |  1.8
Armour         | 1 |  1.8
Shields        | 1 |  1.8
Unarmed Combat | 1 |  1.8
Evocations     | 1 |  1.8
Hexes          | 1 |  1.4
Necromancy     | 1 |  1.4
Transmutations | 1 |  1.4
Fire Magic     | 1 |  1.4
Ice Magic      | 1 |  1.4
Air Magic      | 1 |  1.4
Earth Magic    | 1 |  1.4
Poison Magic   | 1 |  1.4
Dodging        | |  4.9
Stealth        | |  4.5
Spellcasting   | |  7.4

Action                     |  1- 3 |  4- 6 || total
---------------------------+-------+-------++-------
  Melee: Dagger            |    36 |   121 ||   157
         Bite              |     4 |    12 ||    16
         Punch             |       |     2 ||     2
         Short sword       |       |    22 ||    22
   Cast: Magic Dart        |    50 |    78 ||   128
         Call Imp          |       |     5 ||     5
         Slow              |       |     2 ||     2
         Blink             |       |     2 ||     2
         Mephitic Cloud    |       |     1 ||     1
   Stab: Sleeping          |     1 |     2 ||     3
 Armour: Robe              |    10 |    57 ||    67
  Dodge: Dodged            |    28 |   133 ||   161
